 Dungeon Crawl Stone Soup version 0.29.1-4-g47bece8355 (webtiles) character file.

Game seed: 14916639641855623481

620 fantasyman the Trooper (level 7, -15/78 HPs)
             Began as an Ogre Fighter on Dec 1, 2022.
             Demolished by an ogre
             ... wielding a +0 giant spiked club
              (31 damage)
             ... on level 5 of the Dungeon.
             The game lasted 00:14:41 (8505 turns).

fantasyman the Trooper (Ogre Fighter)               Turns: 8505, Time: 00:14:42

Health: -15/78     AC:  4    Str: 22    XL:     7   Next: 46%
Magic:  7/7        EV:  8    Int: 13    God:
Gold:   319        SH:  8    Dex:  7    Spells: 6/6 levels left

rFire   . . .      SeeInvis .   a - +0 flail
rCold   . . .      Faith    .   c - +1 kite shield
rNeg    . . .      Spirit   .   b - +0 robe
rPois   .          Reflect  .   (helmet restricted)
rElec   .          Harm     .   o - +1 cloak
rCorr   .          Rampage  .   (gloves unavailable)
Will    .....                   (boots unavailable)
Stlth   +.........              (no amulet)
HPRegen 1.03/turn               (no ring)
MPRegen 0.10/turn               (no ring)

@: no status effects
A: large, unfitting armour, tough skin 1, clever 1, deformed body, regeneration
1
a: no special abilities


You were on level 5 of the Dungeon.
You visited 1 branch of the dungeon, and saw 5 of its levels.

You collected 319 gold pieces.

Inventory:

Hand Weapons
 a - a +0 flail (weapon)
Armour
 b - a +0 robe (worn)
 c - a +1 kite shield (worn)
 o - a +1 cloak (worn)
Jewellery
 i - a ring of wizardry
Scrolls
 d - 3 scrolls of magic mapping
 h - 3 scrolls of identify
Potions
 f - 2 potions of attraction
 g - a potion of mutation
 k - 2 potions of curing
 l - a potion of brilliance
 m - a potion of heal wounds


   Skills:
 + Level 7.2 Fighting
 + Level 5.9 Maces & Flails
 - Level 3.0 Dodging
 - Level 3.0 Shields


You had 6 spell levels left.
You didn't know any spells.
Your spell library contained the following spells:

 Spells                   Type           Power      Damage    Failure   Level
 Apportation              Tloc           0%         N/A       58%         1
 Necrotise                Necr           0%         1d4       58%         1
 Sting                    Tmut/Pois      0%         1d3       58%         1
 Summon Small Mammal      Summ           0%         N/A       58%         1
 Poisonous Vapours        Pois/Air       0%         N/A       73%         2
 Gell's Gravitas          Tloc           0%         N/A       91%         3
 Teleport Other           Tloc           0%         N/A       91%         3
 Olgreb's Toxic Radiance  Pois           0%         N/A       100%        4
 Alistair's Intoxication  Tmut/Pois      0%         N/A       100%        5
 Dispersal                Tloc           0%         N/A       100%        6


Dungeon Overview and Level Annotations

Branches:
Dungeon (5/15)
 Temple: D:4-7

Altars:
Trog
Xom


Innate Abilities, Weirdness & Mutations

You are too large for most types of armour.
You have tough skin. (AC +1)
Your mind is acute. (Int +4, Str/Dex -1)
Armour fits poorly on your strangely shaped body.
Your natural rate of healing is unusually fast.


Message History

The ogre is moderately wounded.
You barely miss the ogre.
The ogre is moderately wounded.
The ogre barely misses you.
You closely miss the ogre.
The ogre is moderately wounded.
You block the ogre's attack.
You hit the ogre but do no damage.
The ogre is moderately wounded.
The ogre hits you with a +0 giant spiked club!!
You are too injured to fight recklessly!
You are too injured to fight recklessly!
You are too injured to fight recklessly!
You are too injured to fight recklessly!
You hit the ogre.
The ogre is heavily wounded.
The ogre hits you with a +0 giant spiked club!!
* * * LOW HITPOINT WARNING * * *
You see here a +0 falchion.
What are your orders? t - Shout!
Orders for allies: a - Attack new target. r - Retreat! s - Stop attacking. g - Guard the area. f - Follow me.
Anything else - Cancel.
You shout for attention!
The ogre attacks as you move away!
The ogre hits you with a +0 giant spiked club!!
* * * LOW HITPOINT WARNING * * *
There is a stone staircase leading down here.
What are your orders? t - Shout!
Orders for allies: a - Attack new target. r - Retreat! s - Stop attacking. g - Guard the area. f - Follow me.
Anything else - Cancel.
Okay, then.
The ogre attacks as you move away!
The ogre hits you with a +0 giant spiked club!!
You die...

...........#...#
#......#
##...........#####
####.#....#
#........<#.....#
#....#....#
##.............#.#
#.####....#
..........###..#.# #.#
#....# ......(...#
#.#.###.# #....#
..........####.#.##..#
#....#
...##.#+##.......#..##
#....#
..#...#.##.####.@O.##
###### .#......##.#
###### ##....#.##.#
###...#....#
#..#..#.#### ....#...#
....#..## .......#
.......#


You could see an ogre.

Vanquished Creatures
  A phantom (D:5)
  A scorpion (D:5)
  A jelly (D:2)
  3 orc priests
  3 iguanas (D:4)
  3 orc wizards (D:3)
  3 gnolls
  9 adders
  3 worms
  A dart slug (D:3)
  12 orcs
  8 ball pythons
  8 bats
  8 endoplasms
  4 giant cockroaches
  2 goblins
  3 hobgoblins
  3 jackals (D:2)
  7 quokkas
  3 frilled lizards (D:2)
  9 kobolds
  5 rats
100 creatures vanquished.

Notes
Turn   | Place    | Note
-------+----------+-------------------------------------------
     0 | D:1      | fantasyman the Ogre Fighter began the quest for the Orb.
     0 | D:1      | Reached XP level 1. HP: 24/24 MP: 1/1
   340 | D:1      | Reached XP level 2. HP: 33/33 MP: 2/2
   872 | D:2      | Reached XP level 3. HP: 12/41 MP: 3/3
  1162 | D:1      | Reached skill level 5 in Fighting
  2491 | D:2      | Reached XP level 4. HP: 48/50 MP: 4/4
  3195 | D:2      | Found a faded altar of an unknown god.
  3530 | D:2      | Reached XP level 5. HP: 31/59 MP: 5/5
  4094 | D:3      | Reached skill level 6 in Fighting
  5183 | D:3      | Reached XP level 6. HP: 34/68 MP: 6/6
  6508 | D:4      | Reached skill level 5 in Maces & Flails
  6949 | D:4      | Found a bloodstained altar of Trog.
  7401 | D:4      | Reached XP level 7. HP: 73/76 MP: 7/7
  7491 | D:4      | Found a shimmering altar of Xom.
  7698 | D:5      | Entered Level 5 of the Dungeon
  7760 | D:5      | Reached skill level 7 in Fighting
  8263 | D:5      | Gained mutation: Your mind is acute. (Int +4, Str/Dex -1)
                  | [potion of mutation]
  8263 | D:5      | Gained mutation: Armour fits poorly on your strangely
                  | shaped body. [potion of mutation]
  8263 | D:5      | Gained mutation: Your natural rate of healing is unusually
                  | fast. [potion of mutation]
  8505 | D:5      | Demolished by an ogre

Illustrated notes

Levels and vault maps discovered:
D:1:      tarquinn_simple_flora_water_e, layout_loops_ring
D:2:      layout_rooms, shapermc_ecumenical_altar_petra
D:3:      layout_loops_cross, serial_rivers, chequers_serial_rivers_micro_e,
          chequers_serial_rivers_small_b, chequers_serial_rivers_room_a,
          chequers_serial_rivers_micro_a, nrook_campfire,
          chequers_serial_rivers_small_b, hex_medium, amcnicky_mini_pool_small
D:4:      layout_basic, lemuel_tele_altar, nicolae_overflow_crystal_walls,
          kennysheep_minor_cross
D:5:      layout_basic, mainiacjoe_overflow_alcove_4, minmay_misc_feat_chi

Skill      XL: |  1  2  3  4  5  6  7 |
---------------+----------------------+-----
Dodging        | 3 |  3.0
Maces & Flails | 2 3 4 5 |  5.9
Fighting       | 5 6 7 |  7.2
Shields        | |  3.0

Action                   |  1- 3 |  4- 6 |  7- 9 || total
-------------------------+-------+-------+-------++-------
Melee: Flail             |   106 |   248 |    59 ||   413
  Use: Scroll            |     2 |    11 |     1 ||    14
       Potion            |     2 |     4 |     4 ||    10
 Stab: Sleeping          |       |     2 |       ||     2
Armor: Robe              |    41 |    66 |    16 ||   123
       Skin              |       |    19 |     4 ||    23
Dodge: Dodged            |    60 |    93 |    19 ||   172
Block: Kite shield       |    61 |   112 |    13 ||   186
